 Dungeon Crawl Stone Soup version 0.30.1-4-g462c640d31 (webtiles) character file.

Game seed: 9490630123936628305

131731 Wiggles the Executioner (level 16, -14/159 HPs)
             Began as a Minotaur Berserker on Aug 28, 2023.
             Was a High Priest of Trog.
             Killed by the raging water
             ... invoked by a water nymph
              (19 damage)
             ... on level 2 of the Shoals.
             The game lasted 00:45:40 (26534 turns).

Wiggles the Executioner (Minotaur Berserker)       Turns: 26534, Time: 00:45:41

Health: -14/159    AC: 29    Str: 29    XL:     16   Next: 55%
Magic:  6/6        EV: 10    Int:  6    God:    Trog [*****.]
Gold:   2572       SH:  0    Dex: 14    Spells: 15/15 levels left

rFire   + . .        K - +6 executioner's axe (venom)
rCold   . . .        (shield currently unavailable)
rNeg    . . .        W - +2 plate armour {rC+}
rPois   +            (helmet restricted)
rElec   .            q - +2 cloak
rCorr   +            j - +2 pair of gloves "Inogogots" {Drain rPois Int+2 Dex+3}
SInv    .            M - +1 pair of boots
Will    ++...        l - amulet of magic regeneration Stlth
                     s - ring of willpower
HPRegen 0.46/turn    y - ring "Nojem" {Fire rPois rCorr MP-9}
MPRegen 0.50/turn

%: no passive effects
@: very slow
A: horns 2, retaliatory headbutt
a: Renounce Religion, Berserk, Trog's Hand, Brothers in Arms


You were on level 2 of the Shoals.
You worshipped Trog.
Trog was extremely pleased with you.
You visited 4 branches of the dungeon, and saw 24 of its levels.
You also visited: Ice Cave.

You collected 2572 gold pieces.

Inventory:

Hand Weapons
 K - a +6 executioner's axe of venom (weapon)
Armour
 j - the +2 pair of gloves "Inogogots" (worn) {Drain rPois Int+2 Dex+3}
   (You found it on level 2 of the Dungeon)

   Int:       It affects your intelligence (+2).
   Dex:       It affects your dexterity (+3).
   rPois:     It protects you from poison.
   Drain:     It drains your maximum health when unequipped.
 o - a +1 plate armour
 q - a +2 cloak (worn)
 r - a scarf of repulsion
 F - a scarf of invisibility
 M - a +1 pair of boots (worn)
 O - the +4 chain mail of the Watchman {Dex+3}
   (You found it on level 11 of the Dungeon)

   Dex:       It affects your dexterity (+3).
 W - a +2 plate armour of cold resistance (worn)
 Z - a scarf of resistance
Jewellery
 d - a ring of ice
 l - an amulet of magic regeneration (around neck)
 s - a ring of willpower (left hand)
 v - a ring of protection from fire
 y - the ring "Nojem" (right hand) {Fire rPois rCorr MP-9}
   (You took it off a wight on level 7 of the Dungeon)

   [ring of fire]

   It enhances your fire magic.
   rF:        It protects you from fire.
   rC:        It makes you vulnerable to cold.
   rPois:     It protects you from poison.
   MP:        It affects your magic capacity (-9).
   rCorr:     It protects you from acid and corrosion.
 I - an amulet of regeneration
Wands
 t - a wand of mindburst (44)
 u - a wand of digging (21)
 A - a wand of flame (57)
 C - a wand of acid (18)
 D - a wand of charming (25)
 E - a wand of roots (25)
 H - a wand of polymorph (4)
Scrolls
 i - 19 scrolls of teleportation
 k - 13 scrolls of identify
 p - 4 scrolls of blinking
 L - a scroll of fog
 P - 2 scrolls of silence
 R - a scroll of fear
 S - a scroll of brand weapon
 T - a scroll of poison
 U - a scroll of magic mapping
Potions
 a - 3 potions of resistance
 b - 4 potions of attraction
 e - 15 potions of curing
 f - 3 potions of heal wounds
 g - 3 potions of haste
 h - 8 potions of lignification
 m - 4 potions of might
 n - 6 potions of flight
 w - 3 potions of invisibility
 B - a potion of berserk rage
 J - 2 potions of brilliance
 Q - a potion of ambrosia
 V - 2 potions of cancellation
Miscellaneous
 c - a piece from Xom's chessboard (15/15)


   Skills:
 + Level 18.4 Fighting
 + Level 24.9 Axes
 + Level 16.7 Armour
 + Level 5.1 Dodging
 + Level 2.8 Stealth
 + Level 0.9 Shields


You had 15 spell levels left.
You didn't know any spells.
Your spell library was empty.

Dungeon Overview and Level Annotations

Branches:
Dungeon (15/15)            Temple (0/1) D:7            Lair (5/5) D:10
 Shoals (2/4) Lair:2       Spider (0/4) Lair:2        Slime (0/5) Lair:4
    Orc (2/2) D:12            Elf (0/3) Orc:2        Vaults (0/5) D:14
 Depths (0/4) D:15          IceCv (visited)

Altars:
Elyvilon
Fedhas
Gozag
Hepliaklqana
Kikubaaqudgha
Nemelex Xobeh
Qazlal
Trog
Vehumet
Wu Jian
Xom
Yredelemnul
Jiyva

Shops:
D:2 *   D:9 :   Orc:1 =[:*[   Orc:2 ??![?

Annotations:
D:8 1 transporter
Shoals:1 3 runed translucent doors


Innate Abilities, Weirdness & Mutations

You have a pair of horns on your head.
You reflexively headbutt those who attack you in melee.


Message History

The wave splashes down.
The merfolk aquamancer closely misses you.
You furiously retaliate!
You headbutt the merfolk aquamancer!
The merfolk hits you from afar with a +0 trident!
* * * LOW HITPOINT WARNING * * *
The merfolk impaler barely misses you. You furiously retaliate!
You headbutt the merfolk impaler!
You hear an angry hiss. x2
You feel much better.
A merfolk aquamancer comes into view. It is wielding a +3 rapier of venom.
A merfolk aquamancer comes into view. It is wielding a +0 rapier.
The merfolk hits you but does no damage.
The merfolk barely misses you.
The merfolk aquamancer mumbles some strange words.
The merfolk aquamancer blinks!
The merfolk hits you but does no damage.
The merfolk aquamancer hits you with a +0 rapier!
* * * LOW HITPOINT WARNING * * *
The merfolk aquamancer casts a spell.
The merfolk aquamancer blinks!
The merfolk impaler barely misses you.
Your iron troll bites the merfolk aquamancer!!!
Your iron troll claws the merfolk aquamancer!
Your iron troll claws the merfolk aquamancer!!
The merfolk aquamancer dies!
Trog accepts your kill.
Trog appreciates your killing of a magic user.
You hear a splash. x2
You feel much better.
The merfolk hits you but does no damage.
The water nymph points at you and mumbles some strange words.
The water swirls and strikes you!!
* * * LOW HITPOINT WARNING * * *
The merfolk barely misses you.
The merfolk hits you from afar with a +0 glaive!
* * * LOW HITPOINT WARNING * * *
The water nymph touches you. The water nymph drowns you!
* * * LOW HITPOINT WARNING * * *
The water nymph gestures at you while chanting.
The water swirls and strikes you!!
You die...

.....≈≈≈≈≈m≈...
.....≈≈≈~≈≈≈≈..
...≈≈≈≈mm~≈≈≈..
....≈≈~~~~.≈~~~
.....≈~~~~.m...
.#....~~mm..~)/
...~~~~~mm..~~~
~~~~.~)@mm~~~~~
~~~m~T~~~~~~~~~
~~~~~~~m~~~~~~~
~~~~~~~~~~~~≈≈~
~~~~~~~~~~~≈≈≈≈
~~~~~~~~~~~≈≈≈≈
~~~~~~~~~~~≈≈≈≈
~~~~≈≈≈~~≈≈≈≈≈≈
~~≈≈≈≈≈≈≈≈≈≈≈≈≈


You could see a merfolk impaler, 3 merfolk aquamancers, 4 merfolk, 4 water
nymphs and a friendly iron troll (summoned, berserk).

Vanquished Creatures
  Jorgrun (Orc:1)
  Kirke (Lair:5)
  A fire dragon (Lair:5)
  7 hydras
  An ogre mage (D:15)
  2 ironbound frosthearts (IceCv)
  3 centaur warriors
  3 catoblepae
  12 two-headed ogres
  A boulder beetle (D:14)
  Urug (D:10)
  An orc high priest (Orc:2)
  6 death yaks (IceCv)
  2 skysharks
  A flayed ghost (D:15)
  2 sea snakes (Shoals:1)
  10 skeletal warriors
  A swamp dragon (Lair:5)
  A necromancer (D:15)
  A deep troll (Orc:2)
  2 wizards (D:15)
  An orc knight (Orc:1)
  11 harpies (Shoals:1)
  A deep elf pyromancer (D:14)
  A frost giant zombie (D:15)
  4 manticores
  3 fauns (Shoals:1)
  A wolf spider (Lair:5)
  17 ugly things
  4 cyclopes
  25 elephants
  An ice statue (IceCv)
  A guardian serpent (Lair:5)
  2 merfolk sirens
  Maurice (D:9)
  A fire giant skeleton (D:15)
  2 centaur zombies (D:8)
  4 black mambas
  A torpor snail (Lair:1)
  14 cane toads
  A centaur skeleton (D:8)
  4 rime drakes
  2 unseen horrors
  A yaktaur (shapeshifter) (D:14)
  A rime drake (shapeshifter) (D:13)
  A guardian mummy (D:15)
  A spriggan skeleton (D:15)
  17 komodo dragons
  10 polar bears
  13 trolls
  2 hellwings (D:8)
  3 hornets (Lair:5)
  3 snapping turtles (Shoals:1)
  7 merfolk (Shoals:1)
  2 blink frogs (Lair:4)
  A meliai zombie (D:8)
  17 slime creatures
  14 dream sheep
  A jumping spider (shapeshifter) (D:15)
  2 wraiths
  A shadow (D:12)
  18 wyverns
  A water elemental (Shoals:1)
  65 yaks
  A hog (shapeshifter) (D:15)
  A yak (shapeshifter) (D:15)
  3 hogs (Lair:5)
  7 steam dragons
  15 basilisks
  2 wargs
  10 redbacks
  3 vampire mosquitoes (D:11)
  Grum (D:8)
  A harpy simulacrum (D:14)
  6 acid dragons
  15 water moccasins
  2 swamp drakes (Lair:5)
  An ice beast (D:6)
  2 sky beasts
  3 black bears
  13 orc warriors
  13 ogres
  29 wolves
  11 centaurs
  2 kobold brigands
  11 bullfrogs
  3 gnoll sergeants
  10 wights
  A troll zombie (D:12)
  An elephant simulacrum (Lair:3)
  10 killer bees
  6 howler monkeys
  2 jellies
  3 hounds
  A gnoll bouda (D:8)
  7 orc priests
  12 iguanas
  20 orc wizards
  18 hell rats
  A polar bear simulacrum (Lair:3)
  A boggart skeleton (D:8)
  2 ogre zombies (D:12)
  21 gnolls
  6 adders
  6 shadow imps
  4 ufetubi
  4 worms
  44 orcs
  8 ball pythons
  6 bats
  9 endoplasms
  A giant cockroach (D:1)
  8 goblins
  2 hobgoblins
  3 jackals (D:4)
  10 kobolds
  A quokka (D:3)
  5 frilled lizards
  A goblin skeleton (D:12)
  2 hobgoblin zombies (D:12)
  An orc skeleton (D:12)
  8 orc zombies (D:12)
  2 rats
745 creatures vanquished.

Vanquished Creatures (collateral kills)
  2 ogre magi (Orc:2)
  A hydra (D:12)
  Erolcha (D:12)
  A catoblepas (Lair:4)
  A merfolk aquamancer (Shoals:2)
  2 two-headed ogres (Orc:2)
  A deep troll (Orc:2)
  A cyclops (Orc:2)
  3 rime drakes (Lair:4)
  3 trolls (Orc:2)
  A dream sheep (Lair:4)
  A blink frog (Lair:4)
  2 shadows (D:12)
  4 yaks
  A wraith (D:12)
  A two-headed ogre zombie (D:12)
  7 ogres (Orc:2)
  2 troll zombies (D:12)
  An orc priest (D:12)
  2 hell rats (Lair:4)
  2 ogre zombies (D:12)
  An orc (D:9)
  A goblin zombie (D:12)
  A hobgoblin skeleton (D:12)
  A hobgoblin zombie (D:12)
  10 orc zombies (D:12)
54 creatures vanquished.

Vanquished Creatures (others)
  A caustic shrike zombie (D:15)
  An orc sorcerer (Orc:1)
  A harpy (Shoals:1)
3 creatures vanquished.

Grand Total: 802 creatures vanquished

Notes
Turn   | Place    | Note
-------+----------+-------------------------------------------
     0 | D:1      | Wiggles the Minotaur Berserker began the quest for the Orb.
     0 | D:1      | Reached XP level 1. HP: 19/19 MP: 0/0
   277 | D:1      | Reached skill level 4 in Axes
   302 | D:1      | Reached XP level 2. HP: 27/27 MP: 1/1
   803 | D:2      | Identified the +2 pair of gloves "Inogogots" {Drain rPois
                  | Int+2 Dex+3}
   815 | D:2      | Found Ciryedgh's Assorted Antiques.
   891 | D:2      | Reached XP level 3. HP: 33/33 MP: 2/2
  1067 | D:2      | Reached ** piety under Trog
  2261 | D:4      | Reached XP level 4. HP: 18/41 MP: 3/3
  2265 | D:4      | Reached skill level 5 in Axes
  2438 | D:4      | Noticed an ogre
  2445 | D:4      | Killed an ogre
  2446 | D:4      | Reached XP level 5. HP: 47/47 MP: 4/4
  2637 | D:4      | Reached skill level 6 in Axes
  2898 | D:4      | Reached XP level 6. HP: 46/55 MP: 5/5
  2900 | D:4      | Reached skill level 5 in Fighting
  3238 | D:4      | Found an ancient bone altar of Kikubaaqudgha.
  3478 | D:5      | Entered Level 5 of the Dungeon
  3623 | D:5      | Reached skill level 7 in Axes
  3623 | D:5      | Reached skill level 5 in Armour
  3626 | D:5      | Reached XP level 7. HP: 61/61 MP: 6/6
  3913 | D:5      | Found a radiant altar of Vehumet.
  3913 | D:5      | Found a sparkling altar of Nemelex Xobeh.
  3914 | D:5      | Found a basalt altar of Yredelemnul.
  3920 | D:5      | Reached *** piety under Trog
  4342 | D:6      | Noticed a steam dragon
  4350 | D:6      | Killed a steam dragon
  4351 | D:6      | Reached skill level 8 in Axes
  4468 | D:6      | Reached XP level 8. HP: 21/70 MP: 7/7
  4673 | D:6      | Reached skill level 9 in Axes
  4850 | D:6      | Found an opulent altar of Gozag.
  5485 | D:6      | Reached skill level 10 in Axes
  5867 | D:6      | Reached skill level 1 in Stealth
  6146 | D:7      | Reached XP level 9. HP: 78/78 MP: 8/8
  6259 | D:7      | Reached skill level 11 in Axes
  6415 | D:7      | Found a stormy altar of Qazlal.
  6656 | D:7      | Found a staircase to the Ecumenical Temple.
  6688 | D:7      | Killed an unseen horror
  6967 | D:7      | Found a shimmering altar of Xom.
  6968 | D:7      | Found a hazy altar of Hepliaklqana.
  6969 | D:7      | Noticed a spectral ugly thing
  6988 | D:7      | Found a bloodstained altar of Trog.
  7069 | D:7      | Identified the ring "Nojem" {Fire rPois rCorr MP-9}
  7070 | D:7      | Reached **** piety under Trog
  7289 | D:8      | Reached skill level 12 in Axes
  7341 | D:8      | Identified the +3 falchion of Micwaph {chaos, rPois Str+3}
  7390 | D:8      | Noticed a hellwing
  7402 | D:8      | Killed a hellwing
  7407 | D:8      | Reached XP level 10. HP: 88/88 MP: 9/9
  7434 | D:8      | Reached skill level 13 in Axes
  7473 | D:8      | Noticed Grum
  7479 | D:8      | Killed Grum
  7510 | D:8      | Reached skill level 10 in Armour
  7972 | D:8      | Found a transporter.
  8144 | D:8      | Reached skill level 14 in Axes
  8145 | D:8      | Found a transporter.
  8182 | D:8      | Found a transporter.
  8201 | D:8      | Found a transporter.
  8375 | D:9      | Reached ***** piety under Trog
  8448 | D:9      | Reached XP level 11. HP: 64/99 MP: 10/10
  8717 | D:9      | Reached skill level 15 in Axes
  8836 | D:9      | Found a white marble altar of Elyvilon.
  9160 | D:9      | Found a blossoming altar of Fedhas.
  9185 | D:9      | Noticed Maurice
  9202 | D:9      | Killed Maurice
  9203 | D:9      | Reached skill level 10 in Fighting
  9320 | D:9      | Found Ynowkef's Tremendous Tomes.
  9492 | D:10     | Entered Level 10 of the Dungeon
  9869 | D:10     | Noticed Urug
  9974 | D:10     | Killed Urug
 10180 | D:10     | Reached skill level 16 in Axes
 10369 | D:10     | Found a staircase to the Lair.
 10486 | D:10     | Found an ornate altar of the Wu Jian Council.
 10947 | D:11     | You fall into a shaft and drop 3 floors!
 10995 | D:14     | Noticed a white ugly thing
 10995 | D:14     | Noticed a white ugly thing
 10998 | D:14     | Noticed a white ugly thing
 11003 | D:14     | Killed a green ugly thing
 11003 | D:14     | Noticed a white ugly thing
 11007 | D:14     | Killed a white ugly thing
 11009 | D:14     | Killed a purple ugly thing
 11016 | D:14     | Killed a white ugly thing
 11228 | D:14     | Noticed a boulder beetle
 11242 | D:14     | Killed a boulder beetle
 11288 | D:14     | Received a gift from Trog
 11289 | D:14     | Reached skill level 17 in Axes
 11318 | D:13     | Reached XP level 12. HP: 58/110 MP: 11/11
 11584 | D:12     | Noticed a six-headed hydra
 11592 | D:12     | Killed a seven-headed hydra
 11606 | D:12     | Noticed Erolcha
 11614 | D:12     | HP: 3/110 [something (15)]
 11620 | D:12     | Killed Erolcha
 11623 | D:12     | Found a staircase to the Orcish Mines.
 12065 | D:11     | Noticed a two-headed ogre
 12070 | D:11     | Killed a two-headed ogre
 12332 | D:11     | Reached skill level 18 in Axes
 12379 | D:11     | Identified the +4 chain mail of the Watchman {Dex+3}
 12724 | D:12     | Noticed a two-headed ogre
 12727 | D:12     | Killed a two-headed ogre
 13229 | D:13     | Noticed an entropy weaver
 13273 | D:13     | Noticed a centaur warrior
 13279 | D:13     | Killed a centaur warrior
 13451 | D:13     | Noticed a four-headed hydra
 13460 | D:13     | Killed a nine-headed hydra
 13921 | Lair:1   | Entered Level 1 of the Lair of Beasts
 13956 | Lair:1   | Received a gift from Trog
 13959 | Lair:1   | Reached skill level 19 in Axes
 13967 | Lair:1   | Reached XP level 13. HP: 18/119 MP: 12/12
 15055 | Lair:2   | Found a hole to the Spider Nest.
 15529 | Lair:2   | Found a staircase to the Shoals.
 15750 | Lair:3   | Found a frozen archway.
 15768 | IceCv    | Entered an ice cave
 15799 | IceCv    | Reached skill level 20 in Axes
 16328 | IceCv    | Received a gift from Trog
 16555 | IceCv    | Identified the +0 chain mail of Monotheism {Regen+ rCorr
                  | Str-2 Stlth+}
 17068 | Lair:3   | Reached skill level 21 in Axes
 17070 | Lair:3   | Reached XP level 14. HP: 121/132 MP: 4/13
 17998 | Lair:4   | Found a staircase to the Slime Pits.
 17998 | Lair:4   | Found a viscous altar of Jiyva.
 18339 | Lair:4   | Received a gift from Trog
 18360 | Lair:4   | Reached ****** piety under Trog
 18519 | Lair:4   | Reached skill level 15 in Fighting
 18794 | Lair:4   | Reached skill level 22 in Axes
 19224 | Lair:5   | Entered Level 5 of the Lair of Beasts
 19684 | Lair:5   | Received a gift from Trog
 19847 | Lair:5   | Reached skill level 15 in Armour
 19981 | Lair:5   | Noticed Kirke
 19986 | Lair:5   | Reached XP level 15. HP: 129/141 MP: 5/14
 19994 | Lair:5   | Killed Kirke
 20211 | Lair:5   | Reached skill level 23 in Axes
 22035 | D:14     | Received a gift from Trog
 22064 | D:14     | Found a gate to the Vaults.
 22302 | D:15     | Entered Level 15 of the Dungeon
 22345 | D:15     | Reached skill level 5 in Dodging
 22561 | D:15     | Found a staircase to the Depths.
 22613 | D:15     | Reached skill level 24 in Axes
 23285 | D:15     | Received a gift from Trog
 23585 | Orc:1    | Entered Level 1 of the Orcish Mines
 23585 | Orc:1    | Found Bulugg's General Store.
 23687 | Orc:1    | Found Kairets's Armour Shop.
 23837 | Orc:2    | Entered Level 2 of the Orcish Mines
 23837 | Orc:2    | Found a staircase to the Elven Halls.
 24050 | Orc:1    | Found Qedewn's Book Boutique.
 24246 | Orc:1    | Found Neagh's Jewellery Boutique.
 24249 | Orc:1    | Found Okkonu Feoch's Armour Emporium.
 24251 | Orc:1    | Noticed Jorgrun
 24262 | Orc:1    | Killed Jorgrun
 24263 | Orc:1    | Reached XP level 16. HP: 155/155 MP: 6/15
 24687 | Orc:2    | Found a bloodstained altar of Trog.
 24851 | Orc:2    | Found Lezy's Distillery.
 24873 | Orc:2    | Found Towkik's Magic Scroll Shop.
 24896 | Orc:2    | Found Roniuxos's Armour Emporium.
 25024 | Orc:2    | Found Poollu's Magic Scroll Boutique.
 25148 | Orc:2    | Found Nuggoimu's Magic Scroll Emporium.
 25477 | Shoals:1 | Entered Level 1 of the Shoals
 25912 | Shoals:1 | Found a runed translucent gate.
 25912 | Shoals:1 | Found a runed translucent gate.
 25912 | Shoals:1 | Found a runed translucent gate.
 26086 | Shoals:1 | Received a gift from Trog
 26534 | Shoals:2 | HP: 5/159 [drowned by a water nymph (9)]
 26534 | Shoals:2 | Killed from afar by a water nymph

Illustrated notes

Levels and vault maps discovered:
D:1:      sevenhm_arrival_forest_fort_small_5, layout_basic, nicolae_titane
D:2:      layout_loops_cross, serial_shops, nicolae_shop_crystal
D:3:      layout_basic, roderic_lattice_a
D:4:      minmay_general_purpose_star, layout_loops_ring,
          nicolae_kikubaaqudgha_miasma_corner
D:5:      layout_cave_pods, chequers_temple_overflow_statue_of_worship,
          kennysheep_generic_room_13
D:6:      minmay_chambers_of_fours, layout_cave_pods, mainiacjoe_overflow_paths,
          st_stairs_9
D:7:      layout_loops_cross, regret_index_temple_of_mockery,
          kennysheep_mini_moat, mainiacjoe_overflow_catwalk, temple_hall
D:8:      cheibrodos_grave_circle, layout_cave_pools,
          nicolae_diode_intersection, uniq_grum
D:9:      layout_irregular_city, mainiacjoe_overflow_alcove_4,
          lemuel_round_altar, grunt_ministairs_9, nicolae_shop_i_like_big_books,
          uniq_maurice
D:10:     layout_rooms, nicolae_wu_jian_immortal_techniques, erik_lair_dragon,
          serial_rivers, chequers_serial_rivers_small_b,
          chequers_serial_rivers_micro_d, chequers_serial_rivers_micro_b,
          chequers_serial_rivers_small_b, uniq_urug
D:11:     layout_loops_ring
D:12:     layout_roguey, zombieorc2_lemuel, serial_bayou_pond_b, uniq_erolcha
D:13:     layout_rooms, minmay_misc_feat_five, minmay_misc_feat_doors
D:14:     layout_loops_ring, david_vaults_4, bh_walls_and_bars,
          gauntlet_entry_generic, kennysheep_generic_room_16
D:15:     gammafunk_depths_entry_grave, layout_basic, drop_trap,
          grunt_decor_resistance
Lair:1:   layout_chaotic_city, beast_lair_carwin_9, grunt_megastairs_4,
          lemuel_fruit_tree
Lair:2:   layout_regular_city, minmay_shoals_entry_lonely_mermaid,
          spider_nest_entry_web_field
Lair:3:   layout_loops_ring, portal_ice_cave_entry_ice_simulacra
Lair:4:   layout_cave_pods, slime_entry_1, special_room
          [special_room_mythical_zoo], cheibrodos_lair_reptile_den
Lair:5:   guppyfry_lair_end_dragon, layout_regular_city,
          hangedman_lair_tendril_chambers, uniq_kirke
Shoals:1: layout_shoals, nicolae_shoals_beach_cooler
Shoals:2: layout_shoals, nicolae_splish_splash, uniq_ilsuiw
Orc:1:    layout_diamond_mine, serial_shops, shop,
          nicolae_shop_competitors_out_of_business, shop, shop_fountains, shop,
          abandoned_shop, uniq_jorgrun
Orc:2:    st_orc_open, layout_caves, serial_shops, shop, basic_altar

Skill      XL: |  1  2  3  4  5  6  7  8  9 10 11 12 13 14 15 16 |
---------------+-------------------------------------------------+-----
Axes           | 4 5 6 7 8 10 12 14 17 19 21 22 24 | 24.9
Fighting       | 4 5 6 8 9 11 12 14 15 17 18 | 18.4
Armour         | 3 4 5 6 8 9 10 11 12 13 15 16 | 16.7
Stealth        | 1 2 |  2.8
Dodging        | 3 4 5 |  5.1
Shields        | |  0.9

Action                     |  1- 3 |  4- 6 |  7- 9 | 10-12 | 13-15 | 16-18 || total
---------------------------+-------+-------+-------+-------+-------+-------++-------
  Melee: Hand axe          |    91 |    18 |       |       |       |       ||   109
         Headbutt          |    17 |     5 |    50 |    89 |   185 |    26 ||   372
         Punch             |     1 |       |     2 |       |       |       ||     3
         War axe           |       |    52 |   182 |       |       |       ||   234
         Battleaxe         |       |       |    74 |   250 |       |       ||   324
         Executioner's axe |       |       |       |   135 |   806 |   148 ||  1089
 Invoke: Berserk           |     1 |     1 |     4 |     7 |     6 |     1 ||    20
         Brothers in Arms  |       |       |       |     3 |     2 |     3 ||     8
    Use: Scroll            |       |       |    23 |     4 |     8 |     1 ||    36
         Potion            |       |       |       |     4 |     6 |     2 ||    12
   Stab: Petrified         |       |       |       |       |     2 |       ||     2
 Armour: Ring mail         |     2 |       |       |       |       |       ||     2
         Chain mail        |    38 |     2 |       |   157 |    53 |       ||   250
         Plate armour      |       |    40 |   215 |   319 |   662 |   186 ||  1422
  Dodge: Dodged            |    34 |    27 |    94 |   260 |   419 |   139 ||   973
  Block: Kite shield       |       |       |    15 |       |       |       ||    15
